 Dungeon Crawl Stone Soup version 0.17.1-1-g73c8601 (webtiles) character file.

294 Nakatomy the Grave Robber (level 6, 0/35 HPs)
             Began as a Deep Elf Necromancer on Dec 30, 2015.
             Slain by an ogre
             ... wielding a +0 giant club
              (27 damage)
             ... on level 4 of the Dungeon.
             The game lasted 00:25:02 (4229 turns).

Nakatomy the Grave Robber (Deep Elf Necromancer)    Turns: 4229, Time: 00:25:02

Health: 0/35       AC:  5    Str:  5    XL:     6   Next: 11%
Magic:  16/16      EV: 13    Int: 24    God:
Gold:   163        SH:  0    Dex: 16    Spells: 4 memorised, 7 levels left

rFire  . . .     SeeInvis .     h - +1 hunting sling (velocity)
rCold  . . .     Clarity  .     v - +2 robe {MR+}
rNeg   . . .     SustAt   .     (no shield)
rPois  .         Gourm    .     (no helmet)
rElec  .         Spirit   .     (no cloak)
rCorr  .         Warding  .     (no gloves)
rMut   .         Stasis   .     m - +0 pair of boots
MR     +....                    (no amulet)
Stlth  ++........               w - ring of flight
                                u - +3 ring of intelligence

@: somewhat resistant to hostile enchantments, unstealthy
A: no striking features
a: Evoke Flight


You were on level 4 of the Dungeon.
You were not hungry.

You visited 2 branches of the dungeon, and saw 5 of its levels.

You collected 163 gold pieces.

Inventory:

Hand Weapons
 h - a +1 hunting sling of velocity (weapon)
 y - a +2 dagger of venom
Missiles
 e - 27 poisoned needles
 i - 49 stones
 r - 11 silver sling bullets (quivered)
Armour
 a - a +0 robe
 m - a +0 pair of boots (worn)
 v - a +2 robe of magic resistance (worn)
Jewellery
 u - a +3 ring of intelligence (left hand)
 w - a ring of flight (right hand)
Scrolls
 d - 4 scrolls of identify {unknown}
 g - 2 scrolls of teleportation {unknown}
 j - a scroll of amnesia {unknown}
 k - a scroll of blinking {unknown}
 l - a scroll of random uselessness {unknown}
 o - 4 scrolls of remove curse {unknown}
 p - a scroll of fear {unknown}
 q - a scroll of recharging {unknown}
 t - a scroll of enchant weapon {unknown}
Potions
 f - a potion of brilliance {unknown}
 s - 2 potions of degeneration {unknown}
 x - a potion of heal wounds
Books
 b - a book of Necromancy

   Spells                             Type                      Level
   a - Pain                           Necromancy                   1
   b - Animate Skeleton               Necromancy                   1
   c - Vampiric Draining              Necromancy                   3
   d - Regeneration                   Charms/Necromancy            3
   e - Animate Dead                   Necromancy                   4
   f - Control Undead                 Necromancy                   4
Comestibles
 c - 5 bread rations
 n - 2 fruits


   Skills:
 - Level 2.0 Fighting
 - Level 1.0 Slings
 - Level 2.4 Dodging
 - Level 2.4 Stealth
 + Level 5.9 Spellcasting
 + Level 6.4 Necromancy


You had 7 spell levels left.
You knew the following spells:

 Your Spells              Type           Power        Failure   Level  Hunger
a - Pain                  Necr           ####         1%          1    None
b - Animate Skeleton      Necr           N/A          1%          1    None
c - Vampiric Draining     Necr           #####.....   1%          3    #......
d - Animate Dead          Necr           N/A          8%          4    ###....


Dungeon Overview and Level Annotations

Branches:
Dungeon (4/15)             Temple (1/1) D:4

Altars:
Dithmenos
Gozag
Okawaru
Qazlal
Vehumet
Zin
The Shining One

Annotations:
D:4 1 exclusion


Message History

You start resting.
HP restored.
Eat which item? (? for menu, Esc to quit)
Mmm...
That's the fabled Pandemonium Pizza!
There is a staircase back to the Dungeon here.
r - 9 silver sling bullets (gained 1)
r - 10 silver sling bullets (gained 1)
r - 11 silver sling bullets (gained 1) Partly explored, can't reach some places.
There is a staircase back to the Dungeon here.
There is a staircase back to the Dungeon here.
You climb upwards.
Welcome back to the Dungeon!
Level annotation: 1 exclusion
There is a staircase to the Ecumenical Temple here.
The ogre hits you with a giant club!
You see here a club.
You see here a dagger.
The ogre hits you with a giant club!!
Ouch! That really hurt!
You die...

#.## #.## #)####...## ### ##.#
#......### ##.########
###....## ####.........#
###......#
##............###........##
#.............#...........#
#.......>......[.#........#
#.....>...<.....##........##
#............@O##..........# #
#............####..........##.
##..........## #..............
##.........# #...........#.#
##........####.....<....#..#
##...........#..........#..##
###...###....#).........##..##
###...####....###.......####..#
#...### #.....# ###...#####..##


You could see an ogre.

Vanquished Creatures
  3 orc wizards
  2 iguanas (D:4)
  6 adders
  An ooze (D:2)
  2 giant geckos (D:1)
  19 orcs
  7 giant cockroaches
  8 hobgoblins
  A quokka (D:1)
  4 bats
  4 giant newts
  3 goblins
  A jackal skeleton (D:4)
  6 kobolds
  14 rats
81 creatures vanquished.

Vanquished Creatures (collateral kills)
  A giant gecko (D:3)
  6 orcs (D:3)
  2 goblins (D:1)
  A hobgoblin (D:1)
  A ball python (D:1)
  A giant cockroach (D:3)
  2 giant newts (D:1)
  2 rats (D:1)
16 creatures vanquished.

Grand Total: 97 creatures vanquished

Notes
Turn   | Place    | Note
--------------------------------------------------------------
     0 | D:1      | Nakatomy the Deep Elf Necromancer began the quest for the Orb.
     0 | D:1      | Reached XP level 1. HP: 10/10 MP: 6/6
     2 | D:1      | Learned a level 1 spell: Animate Skeleton
   557 | D:1      | Reached XP level 2. HP: 16/16 MP: 6/8
   809 | D:1      | Reached skill level 5 in Necromancy
   893 | D:1      | Reached skill level 1 in Fighting
  1350 | D:2      | Reached XP level 3. HP: 20/20 MP: 10/10
  1399 | D:2      | Learned a level 3 spell: Vampiric Draining
  1739 | D:2      | Reached skill level 1 in Slings
  1903 | D:2      | Found an iron altar of Okawaru.
  1989 | D:2      | Reached XP level 4. HP: 25/25 MP: 12/12
  2244 | D:3      | Found a glowing golden altar of the Shining One.
  2449 | D:3      | Reached XP level 5. HP: 30/30 MP: 12/14
  2677 | D:3      | Reached skill level 5 in Spellcasting
  2922 | D:3      | Learned a level 4 spell: Animate Dead
  3240 | D:3      | Reached skill level 6 in Necromancy
  3396 | D:4      | Noticed an ogre
  3767 | D:4      | Found a staircase to the Ecumenical Temple.
  3779 | Temple   | Entered the Ecumenical Temple
  3977 | D:4      | Reached XP level 6. HP: 31/35 MP: 9/16
  4229 | D:4      | Slain by an ogre

Action                   |  1- 3 |  4- 6 || total
-------------------------+-------+-------++-------
 Fire: Hunting sling     |    51 |    69 ||   120
 Cast: Pain              |    37 |    43 ||    80
       Animate Skeleton  |    19 |    16 ||    35
       Vampiric Draining |     2 |     9 ||    11
       Animate Dead      |       |     3 ||     3
  Use: Potion            |       |     1 ||     1
  Eat: Chunk             |     3 |     5 ||     8
       Fruit             |       |     1 ||     1
       Pizza             |       |     1 ||     1
